 Dungeon Sprint DCSS version 0.30-a0-840-ga523dec638 (webtiles) character file.

Game seed: 5320758603857826562

173 retardedninja the Fighter (level 5, -3/79 HPs)
             Began as a Minotaur Fighter on Mar 1, 2023.
             Was an Initiate of Gozag.
             Slain by a killer bee (8 damage)
             ... in the Dungeon (Sprint IV: "Fedhas' Mad Dash").
             The game lasted 00:01:02 (255 turns).

retardedninja the Fighter (Minotaur Fighter)         Turns: 255, Time: 00:01:02

Health: -3/79      AC:  8    Str: 23    XL:     5   Next: 28%
Magic:  4/4        EV: 10    Int:  5    God:    Gozag
Gold:   73         SH:  5    Dex:  9    Spells: 4/4 levels left

rFire   . . .      SeeInvis .    a - +0 war axe
rCold   . . .      Faith    .    c - +0 buckler
rNeg    . . .      Spirit   .    b - +0 scale mail
rPois   .          Reflect  .    (helmet restricted)
rElec   .          Harm     .    (no cloak)
rCorr   .          Rampage  .    (no gloves)
Will    .....      NoTele   +    (no boots) Stlth
                                 m - amulet of invisibility {+Inv}
HPRegen 0.33/turn                (no ring)
MPRegen 0.09/turn                (no ring)

@: berserking, lethally poisoned (-3 -> -15), hasted, very quick
A: horns 2, retaliatory headbutt
a: Renounce Religion, Evoke Invisibility, Potion Petition, Call Merchant, Bribe
Branch


You were in the Dungeon.
You worshipped Gozag.
Gozag was noncommittal.
You visited 1 branch You collected 73 gold pieces.

Inventory:

Hand Weapons
 a - a +0 war axe (weapon)
Armour
 b - a +0 scale mail (worn)
 c - a +0 buckler (worn)
Jewellery
 m - the amulet of invisibility (around neck) {+Inv}
   (You found it in the Dungeon)

   [amulet of nothing]

   +Inv:      It lets you turn invisible.
Scrolls
 j - a scroll of blinking
 l - a scroll of enchant weapon {unknown}
Potions
 d - a potion of might
 e - a potion of curing
 f - a potion of heal wounds
 h - 2 potions of magic
 k - a potion of degeneration {unknown}


   Skills:
 + Level 8.1 Fighting
 + Level 5.8 Axes
 + Level 7.6 Armour
 + Level 1.0 Dodging
 + Level 7.3 Shields


You had 4 spell levels left.
You didn't know any spells.
Your spell library was empty.

Dungeon Overview and Level Annotations

Branches:
Dungeon (1/1)

Altars:
Cheibriados
Dithmenos
Elyvilon
Gozag
Hepliaklqana
Kikubaaqudgha
Makhleb
Nemelex Xobeh
Okawaru
Qazlal
Ru
Sif Muna
Trog
Uskayaw
Vehumet
Wu Jian
Xom
Yredelemnul
Zin
The Shining One
Jiyva
Lugonu


Innate Abilities, Weirdness & Mutations

You have a pair of horns on your head.
You reflexively headbutt those who attack you in melee.


Message History

You feel sick. You block the killer bee's attack.
The killer bee closely misses you. The killer bee misses you.
There is an open door here.
You feel yourself speed up.
You feel sick. The killer bee stings you. x2
You are more poisoned.
The killer bee poisons you! The killer bee misses you. You furiously retaliate!
You headbutt the killer bee! The killer bee completely misses you.
You furiously retaliate!
You headbutt the killer bee!
A red film seems to cover your vision as you go berserk!
You feel yourself moving faster!
You feel mighty!
You feel sick. You block the killer bee's attack. The killer bee stings you.
You miss the killer bee. You headbutt the killer bee!
The killer bee is almost dead.
You hit the killer bee.
You feel sick. The killer bee stings you! The killer bee stings you.
You are more poisoned.
The killer bee poisons you! The killer bee stings you! x2
* * * LOW HITPOINT WARNING * * *
You are more poisoned.
The killer bee poisons you!
The queen bee calls on the killer bee to defend it!
The killer bee goes berserk!
The queen bee calls on the killer bee to defend it!
The killer bee goes berserk!
You miss the killer bee. Your headbutt misses the killer bee.
The killer bee is almost dead.
You closely miss the killer bee.
* * * LOW HITPOINT WARNING * * *
You feel very sick. You block the killer bee's attack.
The killer bee stings you!
* * * LOW HITPOINT WARNING * * *
You miss the killer bee. Your headbutt misses the killer bee.
The killer bee is almost dead.
You barely miss the killer bee.
* * * LOW HITPOINT WARNING * * *
You feel very sick.
The killer bee rages.
You block the killer bee's attack. The killer bee stings you!
You die...
Your body crumbles into a pile of gold.

##############################
#<...#.....#.....#.⌠._._._._.⌠
#....†.....'.#...'.._._._._._.
#....#.....#.#...#..._._._._..
###############'##.._._._._._.
♣...y..yy@...#._._._._._.⌠
.y....♣...yy#...#############
.....♣..♣..###### #+## #+#####
$


$$$$ $ $$ You could see a queen bee and 4 killer bees.

Vanquished Creatures
  A scorpion (D)
  3 oklob saplings (D)
  A river rat (D)
  A rat (D)
6 creatures vanquished.

Vanquished Creatures (others)
  7 fungi (D)
7 creatures vanquished.

Grand Total: 13 creatures vanquished

Notes
Turn   | Place    | Note
-------+----------+-------------------------------------------
     0 | D        | retardedninja the Minotaur Fighter began the quest for the
                  | Orb.
     0 | D        | Reached XP level 1. HP: 19/19 MP: 0/0
    13 | D        | Reached skill level 4 in Fighting
    13 | D        | Reached XP level 2. HP: 19/28 MP: 1/1
   116 | D        | Noticed an oklob sapling
   121 | D        | Killed an oklob sapling
   122 | D        | Reached skill level 5 in Fighting
   122 | D        | Reached skill level 5 in Armour
   122 | D        | Reached skill level 5 in Shields
   122 | D        | Reached XP level 3. HP: 36/36 MP: 2/2
   123 | D        | Noticed a scorpion
   123 | D        | Found the amulet of invisibility {+Inv}
   130 | D        | Killed a scorpion
   131 | D        | Reached skill level 7 in Fighting
   131 | D        | Reached XP level 4. HP: 47/47 MP: 3/3
   172 | D        | Found an opulent altar of Gozag.
   172 | D        | Found a hazy altar of Hepliaklqana.
   172 | D        | Found a burning altar of Makhleb.
   172 | D        | Found a sparkling altar of Nemelex Xobeh.
   172 | D        | Found a snail-covered altar of Cheibriados.
   172 | D        | Found a sacrificial altar of Ru.
   172 | D        | Found a shimmering blue altar of Sif Muna.
   172 | D        | Found a shimmering altar of Xom.
   172 | D        | Found a basalt altar of Yredelemnul.
   173 | D        | Found a viscous altar of Jiyva.
   173 | D        | Found a bloodstained altar of Trog.
   173 | D        | Found an ornate altar of the Wu Jian Council.
   174 | D        | Found an iron altar of Okawaru.
   174 | D        | Found a shadowy altar of Dithmenos.
   174 | D        | Found a glowing silver altar of Zin.
   175 | D        | Found an ancient bone altar of Kikubaaqudgha.
   175 | D        | Found a hide-covered altar of Uskayaw.
   176 | D        | Found a stormy altar of Qazlal.
   176 | D        | Found a white marble altar of Elyvilon.
   176 | D        | Found a glowing golden altar of the Shining One.
   178 | D        | Found a radiant altar of Vehumet.
   178 | D        | Found a corrupted altar of Lugonu.
   185 | D        | Reached skill level 8 in Fighting
   185 | D        | Reached skill level 5 in Axes
   185 | D        | Reached skill level 1 in Dodging
   185 | D        | Reached XP level 5. HP: 44/53 MP: 4/4
   223 | D        | Became a worshipper of Gozag Ym Sagoz the Greedy
   244 | D        | Noticed a queen bee
   255 | D        | Slain by a killer bee

Illustrated notes

Levels and vault maps discovered:
D:        dungeon_sprint_fedhas [sprint_temple]

Skill      XL: |  1  2  3  4 |
---------------+-------------+-----
Fighting       | 4 5 7 8 |  8.1
Armour         | 4 5 6 7 |  7.6
Shields        | 4 5 6 7 |  7.3
Axes           | 3 4 5 |  5.8
Dodging        | 1 |  1.0

Action                     |  1- 3 |  4- 6 || total
---------------------------+-------+-------++-------
  Melee: War axe           |    19 |    10 ||    29
         Headbutt          |     8 |     6 ||    14
    Use: Potion            |       |     2 ||     2
 Armour: Scale mail        |     3 |     1 ||     4
  Dodge: Dodged            |     4 |     5 ||     9
  Block: Buckler           |     5 |     4 ||     9

Table legend: (Time is in decaauts)
 A = Elapsed time spent in this place.
 B = Non-inter-level travel time spent in this place.
 C = Inter-level travel time spent in this place.
 D = Time resting spent in this place.
 E = Time spent auto-exploring this place.
 F = Levels seen in this place.
 G = Mean time per level.
                   A        B        C        D        E       F      G
               +--------+--------+--------+--------+--------+-----+--------+
         Total |    263 |    263 |      0 |    109 |      0 |   1 |  263.0 |
       Dungeon |    263 |    263 |      0 |    109 |      0 |   1 |  263.0 |
               +--------+--------+--------+--------+--------+-----+--------+

Top non-repeatable levels by time:
       D: 263 daAuts
